 Dungeon Crawl Stone Soup version 0.31.0-12-g77e489cdc1 (webtiles) character file.

Game seed: 10757101985687976811

84026 Tovical the Stormcaller (level 15, -1/95 HPs)
             Began as a Tengu Air Elementalist on Mar 7, 2024.
             Was a High Priest of Vehumet.
             Shot with an arrow by a naga sharpshooter (14 damage)
             ... on level 2 of the Snake Pit.
             The game lasted 03:17:16 (28689 turns).

Tovical the Stormcaller (Tengu Air Elementalist)   Turns: 28689, Time: 03:17:17

Health: -1/95      AC: 14    Str:  9    XL:     15   Next: 79%
Magic:  34/34      EV: 26    Int: 22    God:    Vehumet [*****.]
Gold:   1813       SH:  9    Dex: 15    Spells: 9/43 levels left

rFire   + . .        K - +5 rapier "Edodol" {flame, rPois}
rCold   . . .        k - +0 buckler
rNeg    . . .        g - +1 robe {rF+}
rPois   .            N - +1 hat {SInv}
rElec   .            d - +2 cloak {rPois}
rCorr   .            v - +2 pair of gloves
SInv    +            (boots unavailable)
Will    +....        w - amulet of reflection
Stlth   +++          i - +4 ring of protection
HPRegen 0.35/turn    G - +5 ring of evasion
MPRegen 0.24/turn

%: reflection, acrobat
@: lethally poisoned (-1 -> -4), about to teleport, poison vulnerable, flying,
studying Hexes
A: beak, talons 3, evasive flight, acrobatic
a: Renounce Religion


You were on level 2 of the Snake Pit.
You worshipped Vehumet.
Vehumet was extremely pleased with you.
You visited 4 branches of the dungeon, and saw 22 of its levels.
You also visited: Ossuary.

You collected 2479 gold pieces.
You spent 666 gold pieces at shops.

Inventory:

Hand Weapons
 e - a +5 spectral short sword
 p - a +3 flail of holy wrath
 u - a +2 whip of electrocution
 K - the +5 rapier "Edodol" (weapon) {flame, rPois}
   (You found it on level 3 of the Lair of Beasts)

   rPois:     It protects you from poison
 L - the +4 rapier "Huggyeco" {drain, rF+}
   (You found it on level 1 of the Lair of Beasts)

   rF+:       It protects you from fire.
Missiles
 c - a throwing net
Armour
 d - a +2 cloak of poison resistance (worn)
 g - a +1 robe of fire resistance (worn)
 k - a +0 buckler (worn)
 v - a +2 pair of gloves (worn)
 N - a +1 hat of see invisible (worn)
Jewellery
 i - a +4 ring of protection (left hand)
 w - an amulet of reflection (around neck)
 G - a +5 ring of evasion (right hand)
 J - a ring of see invisible
Wands
 y - a wand of digging (12)
 E - a wand of iceblast (21)
 H - a wand of mindburst (12)
Scrolls
 f - 3 scrolls of teleportation
 j - a scroll of poison
 o - a scroll of torment
 r - 5 scrolls of fog
 s - a scroll of amnesia
 C - 3 scrolls of revelation
 O - 4 scrolls of identify
Potions
 a - 10 potions of ambrosia
 b - a potion of magic
 h - 4 potions of haste
 l - 2 potions of enlightenment
 m - 2 potions of mutation
 n - 4 potions of berserk rage
 q - 5 potions of curing
 x - 2 potions of brilliance
 D - 2 potions of cancellation


   Skills:
 + Level 11.4 Fighting
 - Level 12.0 Dodging
 + Level 7.0 Stealth
 - Level 1.0 Shields
 + Level 14.7 Spellcasting
 + Level 4.3 Conjurations
 - Level 20.0 Air Magic


You had 9 spell levels left.
You knew the following spells:

 Your Spells              Type           Power      Damage    Failure   Level
a - Shock                 Conj/Air       100%       1d9       1%          1
b - Airstrike             Air            40%        2d(6-22)  0%          4
c - Static Discharge      Conj/Air       100%       3-8/arc   1%          2
d - Arcjolt               Conj/Air       31%        1d41      1%          5
e - Conjure Ball Lightni  Conj/Air       31%        3x3d10    1%          6
f - Mercury Vapours       Alch/Air       100%       N/A       1%          2
g - Mephitic Cloud        Conj/Alch/Air  51%        N/A       1%          3
h - Swiftness             Air            81%        N/A       0%          3
i - Maxwell's Capacitive  Air            40%        ∞         2%          8

Your spell library contained the following spells:

 Spells                   Type           Power      Damage    Failure   Level
 Yara's Violent Unravell  Hex/Alch       8%         3d5       36%         5
 Sandblast                Erth           32%        2d9       1%          1
 Dazzling Flash           Conj/Hex       50%        N/A       1%          3
 Hailstorm                Conj/Ice       25%        3d7       1%          3
 Stone Arrow              Conj/Erth      50%        3d10      1%          3
 Freezing Cloud           Conj/Ice/Air   25%        6-21      1%          5
 Silence                  Hex/Air        28%        N/A       2%          5
 Volatile Blastmotes      Fire/Tloc      32%        2d12      4%          3
 Brom's Barrelling Bould  Conj/Erth      25%        2d5       6%          4
 Iskenderun's Battlesphe  Conj           35%        2d9       7%          5
 Call Imp                 Summ           32%        N/A       9%          2
 Sublimation of Blood     Necr           16%        N/A       9%          2
 Fugue of the Fallen      Necr           16%        N/A       17%         3
 Ozocubu's Armour         Ice            16%        N/A       17%         3
 Passwall                 Erth           16%        N/A       17%         3
 Summon Ice Beast         Ice/Summ       16%        N/A       17%         3
 Fireball                 Conj/Fire      12%        3d7       17%         5
 Manifold Assault         Tloc           16%        N/A       50%         4
 Passage of Golubria      Tloc           16%        N/A       50%         4
 Starburst                Conj/Fire      12%        6d5       63%         6
 Orb of Destruction       Conj           17%        9d7       86%         7
 Sculpt Simulacrum        Ice/Alch       8%         N/A       100%        6
 Summon Hydra             Summ           8%         N/A       100%        7
 Lehudib's Crystal Spear  Conj/Erth      12%        10d4      100%        8


Dungeon Overview and Level Annotations

Branches:
Dungeon (13/15)            Temple (0/1) D:7            Lair (5/5) D:8
  Swamp (0/4) Lair:3        Snake (2/4) Lair:3        Slime (0/5) Lair:4
    Orc (2/2) D:10            Elf (0/3) Orc:2       Ossuary (visited)
 Vaults: D:13-14

Altars:
Ashenzari
Cheibriados
Fedhas
Gozag
Makhleb
Okawaru
Sif Muna
Trog
Vehumet
Wu Jian
Xom
Jiyva

Shops:
D:11 =   Orc:2 =?:[   Snake:1 *

Annotations:
D:5 2 runed translucent doors
D:6 1 runed translucent door, lordive's ghost, novice OpSh
D:12 exclusion: 2 downstairs
D:13 Jorgrun
Lair:3 3 runed translucent doors, tymior's ghost, journeyman MiFi
Snake:2 Donald


Innate Abilities, Weirdness & Mutations

You have a beak for a mouth.
You have claws for feet.
Your magical flight helps you evade attacks. (EV +4)
You can magically evade attacks while moving or waiting.


Message History

You feel very sick.
The naga shouts!
You are more poisoned.
The black mamba completely misses you.
Donald is engulfed in noxious fumes.
Donald says, "Actually, I like you."
The naga ritualist mumbles some strange prayers to its god against you.
You feel yourself grow more vulnerable to poison.
The black mamba closely misses you. The black mamba bites you!
* * * LOW HITPOINT WARNING * * *
Donald is engulfed in noxious fumes.
Donald appears confused.
The naga warrior shouts!
Okay, then.
As you read the scroll of teleportation, it crumbles to dust.
You feel strangely unstable.
You feel very sick.
* * * LOW HITPOINT WARNING * * *
You are more poisoned.
The black mamba misses you. The black mamba bites you!
* * * LOW HITPOINT WARNING * * *
The black mamba bites you but does no damage.
The naga sharpshooter shoots an arrow.
You block the arrow with an invisible shield... and reflect it back!
The arrow barely misses the naga sharpshooter.
You block the naga ritualist's attack.
A naga mage comes into view. It is wielding a +0 club.
A naga warrior comes into view. It is wielding a +0 morningstar.
Donald is engulfed in noxious fumes.
Donald appears confused.
The black mamba misses you.
The black mamba completely misses you. x2
The mana viper completely misses you.
You hear a shout!
You feel better.
* * * LOW HITPOINT WARNING * * *
You are poisoned.
Donald is engulfed in noxious fumes.
The black mamba bites you but does no damage.
The black mamba closely misses you. The black mamba misses you.
The naga sharpshooter mumbles some strange words.
The naga sharpshooter magically shoots an arrow.
The arrow hits you!
You die...

....NN.......#
.............#
......)......#
...NNN.NN....#
#/.......?...#
#....NN..$..#
#....SS....#
#....@SS...#
##...SS.S..#
#...)N....#
##...†○○†.#
#..@>)...#
##.S§☼☼..#
##...$..#
#.†....#
........#


You could see Donald (fast, confused), 3 naga warriors, a naga sharpshooter
(strong), a salamander mystic (strong), a naga ritualist (strong, toxic aura), a
mana viper, 7 black mambas, 2 naga magi and 2 nagas.

Vanquished Creatures
  Gastronok (Lair:2)
  An orc warlord (Orc:1)
  Nessos (Orc:2)
  Snorg (Orc:1)
  Josephine (Lair:3)
  4 anacondas
  A catoblepas (Lair:5)
  6 hydras
  Erica (D:8)
  2 two-headed ogres (D:10)
  4 boulder beetles
  3 naga warriors (Snake:1)
  4 orc high priests (Orc:2)
  Sonja (Orc:2)
  Amaemon (Lair:2)
  2 skysharks
  A mana viper (Snake:1)
  A naga ritualist (Snake:2)
  4 orc knights (Orc:2)
  Pikel (D:5)
  A deep elf pyromancer (D:12)
  An orc sorcerer (Orc:1)
  2 ugly things
  A manticore (D:12)
  A salamander (Snake:1)
  Maurice (D:7)
  14 elephants
  3 naga magi
  An orange demon (Lair:2)
  Joseph (D:8)
  3 kobold blastminers (Orc:2)
  9 black mambas
  A guardian serpent (Snake:1)
  2 gargoyles
  8 cane toads
  3 unseen horrors
  Maggie (D:6)
  3 rime drakes
  8 komodo dragons
  Jeremiah (D:6)
  2 ice devils (Lair:1)
  6 trolls
  A queen bee (Lair:2)
  9 polar bears
  4 hornets (Lair:5)
  10 blink frogs
  12 spriggans
  4 slime creatures (D:12)
  Sigmund (D:2)
  68 yaks
  2 shadows
  6 wraiths
  5 wyverns
  4 basilisks
  5 wargs
  2 steam dragons (D:5)
  Menkaure (D:6)
  Edmund (D:6)
  8 nagas (Snake:1)
  An acid dragon (D:9)
  10 water moccasins
  32 orc warriors
  4 black bears (Lair:5)
  5 ice beasts (D:8)
  4 boggarts (Lair:5)
  7 centaurs
  43 wolves
  5 ogres
  Blork the orc (D:6)
  12 bullfrogs
  3 gnoll sergeants
  13 scorpions
  12 wights
  27 killer bees
  7 howler monkeys
  2 bombardier beetles
  A centaur zombie (Ossuary)
  3 hounds
  Crazy Yiuf (D:2)
  4 human zombies (Ossuary)
  A jelly (D:5)
  5 gnoll boudas
  19 orc priests
  7 hell rats
  Terence (D:2)
  5 iguanas (D:5)
  5 scorpion zombies (Ossuary)
  20 orc wizards
  4 mummies
  36 gnolls
  13 adders
  A white imp (D:5)
  2 adder zombies (Ossuary)
  A dart slug (D:1)
  2 ribbon worms
  83 orcs
  3 bats
  6 endoplasms
  2 giant cockroaches
  A gnoll zombie (Ossuary)
  5 goblins
  2 hobgoblins (D:2)
  7 jackals
  5 kobolds
  3 quokkas
  8 ball pythons
  2 ball python zombies (Ossuary)
  2 frilled lizards (D:1)
  2 hobgoblin zombies (D:5)
  2 jackal zombies (Ossuary)
  4 orc zombies (Ossuary)
  6 rats
719 creatures vanquished.

Vanquished Creatures (collateral kills)
  2 killer bees (Lair:2)
  An orc (D:8)
3 creatures vanquished.

Vanquished Creatures (others)
  An orc high priest (Orc:2)
  A hornet (Lair:5)
  2 killer bees (Lair:2)
  An orc (D:8)
  28 ball lightnings
33 creatures vanquished.

Grand Total: 755 creatures vanquished

Notes
Turn   | Place    | Note
-------+----------+-------------------------------------------
     0 | D:1      | Tovical the Tengu Air Elementalist began the quest for the
                  | Orb.
     0 | D:1      | Reached XP level 1. HP: 10/10 MP: 4/4
   144 | D:1      | Reached XP level 2. HP: 15/15 MP: 4/6
   431 | D:1      | Found a faded altar of an unknown god.
   460 | D:1      | Learned a level 2 spell: Mercury Vapours
   496 | D:1      | Reached XP level 3. HP: 19/19 MP: 4/7
   794 | D:1      | You fall into a shaft and drop 1 floor!
   868 | D:2      | Noticed Terence
   882 | D:2      | Killed Terence
  1242 | D:2      | Reached XP level 4. HP: 24/24 MP: 7/9
  1363 | D:2      | Reached skill level 5 in Air Magic
  1684 | D:2      | Noticed Sigmund
  1705 | D:2      | Killed Sigmund
  1706 | D:2      | Reached skill level 6 in Air Magic
  1706 | D:2      | Reached XP level 5. HP: 7/28 MP: 5/11
  1706 | D:2      | Reached XP level 6. HP: 8/32 MP: 5/12
  1834 | D:2      | Found a runed translucent door.
  1835 | D:2      | Noticed Crazy Yiuf
  2283 | D:2      | Learned a level 4 spell: Airstrike
  2294 | D:2      | Killed Crazy Yiuf
  2765 | D:3      | Found an opulent altar of Gozag.
  3299 | D:5      | Entered Level 5 of the Dungeon
  3393 | D:5      | Gained mutation: Your magical flight helps you evade
                  | attacks. (EV +4) [Tengu growth]
  3393 | D:5      | Reached XP level 7. HP: 32/36 MP: 11/14
  3397 | D:5      | Reached skill level 5 in Dodging
  3498 | D:5      | Reached skill level 7 in Air Magic
  3517 | D:5      | Found a large runed translucent door.
  3519 | D:5      | Found a large runed translucent door.
  3519 | D:5      | Noticed a yak
  3699 | D:5      | Noticed Pikel
  3713 | D:5      | Killed Pikel
  3714 | D:5      | Reached skill level 5 in Spellcasting
  3714 | D:5      | Reached skill level 8 in Air Magic
  3714 | D:5      | Reached XP level 8. HP: 4/41 MP: 10/17
  3726 | D:5      | Found a sand-covered staircase.
  3734 | Ossuary  | Entered an ossuary
  4018 | Ossuary  | Reached skill level 9 in Air Magic
  4319 | Ossuary  | Reached XP level 9. HP: 45/45 MP: 12/20
  4352 | Ossuary  | Reached skill level 10 in Air Magic
  4642 | D:5      | Found a large runed translucent door.
  4642 | D:5      | Found a large runed translucent door.
  5169 | D:6      | Found a radiant altar of Vehumet.
  5175 | D:6      | Became a worshipper of Vehumet
  5312 | D:5      | Reached skill level 11 in Air Magic
  5448 | D:5      | Killed an unseen horror
  5546 | D:5      | Learned a level 3 spell: Mephitic Cloud
  5599 | D:5      | Reached skill level 12 in Air Magic
  5673 | D:6      | Found a runed translucent door.
  5673 | D:6      | Found a shimmering altar of Xom.
  5673 | D:6      | Noticed lordive's ghost (novice OpSh)
  5673 | D:6      | Noticed a +1 flail of chaos
  5756 | D:6      | Reached skill level 1 in Shields
  5756 | D:6      | Reached XP level 10. HP: 50/50 MP: 18/23
  5801 | D:6      | Noticed Blork the orc
  5810 | D:6      | Noticed Jeremiah
  5812 | D:6      | Noticed Edmund
  5817 | D:6      | Killed Blork the orc
  5819 | D:6      | Reached * piety under Vehumet
  5819 | D:6      | Offered knowledge of Kiss of Death by Vehumet.
  5829 | D:6      | Killed Edmund
  5833 | D:6      | Killed Jeremiah
  6038 | D:6      | Noticed Maggie
  6042 | D:6      | Killed Maggie
  6043 | D:6      | Reached skill level 13 in Air Magic
  6144 | D:6      | Found a blossoming altar of Fedhas.
  6298 | D:6      | Noticed Menkaure
  6300 | D:6      | Killed Menkaure
  6634 | D:7      | Noticed Maurice
  6638 | D:7      | Killed Maurice
  6813 | D:7      | Found a broken altar of Ashenzari.
  6834 | D:7      | Found a snail-covered altar of Cheibriados.
  7023 | D:7      | Found a staircase to the Ecumenical Temple.
  7109 | D:7      | Offered knowledge of Sandblast by Vehumet.
  7110 | D:7      | Reached skill level 14 in Air Magic
  7153 | D:7      | Reached ** piety under Vehumet
  7213 | D:8      | Noticed Joseph
  7324 | D:8      | Reached skill level 10 in Spellcasting
  7454 | D:8      | Killed Joseph
  7465 | D:8      | Reached XP level 11. HP: 51/54 MP: 9/26
  7805 | D:8      | Noticed Erica
  8064 | D:8      | Offered knowledge of Inner Flame by Vehumet.
  8067 | D:8      | Killed Erica
  8068 | D:8      | Reached skill level 15 in Air Magic
  8083 | D:8      | Reached *** piety under Vehumet
  8101 | D:8      | Reached skill level 1 in Fighting
  8183 | D:8      | Offered knowledge of Dazzling Flash by Vehumet.
  8187 | D:8      | Learned a level 2 spell: Static Discharge
  8191 | D:8      | Learned a level 3 spell: Swiftness
  8225 | D:8      | Found a staircase to the Lair.
  8514 | D:8      | Reached **** piety under Vehumet
  8803 | D:8      | Found an ornate altar of the Wu Jian Council.
  8928 | Lair:1   | Entered Level 1 of the Lair of Beasts
  9019 | D:8      | Offered knowledge of Flame Wave by Vehumet.
  9169 | Lair:1   | Reached XP level 12. HP: 47/66 MP: 25/28
  9417 | Lair:2   | Noticed Amaemon
  9422 | Lair:2   | Killed Amaemon
  9423 | Lair:2   | Reached skill level 16 in Air Magic
  9571 | Lair:3   | Identified the +5 rapier "Edodol" {flame, rPois}
  9792 | Lair:3   | Found a staircase to the Swamp.
  9835 | Lair:3   | Noticed a boulder beetle
  9837 | Lair:3   | Reached skill level 5 in Fighting
 10470 | Lair:2   | Reached ***** piety under Vehumet
 10471 | Lair:2   | Offered knowledge of Orb of Destruction by Vehumet.
 10891 | Lair:1   | Identified the +4 rapier "Huggyeco" {drain, rF+}
 10962 | Lair:1   | Identified the +5 scale mail "Equvimul" {Will+}
 11599 | Lair:2   | Noticed Gastronok
 11613 | Lair:2   | Killed Gastronok
 11614 | Lair:2   | Reached skill level 17 in Air Magic
 12106 | Lair:3   | Found a runed translucent gate.
 12107 | Lair:3   | Found a runed translucent gate.
 12108 | Lair:3   | Found a runed translucent gate.
 12115 | Lair:3   | Noticed Josephine
 12181 | Lair:3   | Killed Josephine
 12182 | Lair:3   | Reached XP level 13. HP: 76/76 MP: 22/30
 12789 | Lair:3   | Noticed tymior's ghost (journeyman MiFi)
 12799 | Lair:3   | Found a staircase to the Snake Pit.
 13118 | Lair:3   | Reached skill level 10 in Dodging
 13979 | Lair:4   | Found a viscous altar of Jiyva.
 13979 | Lair:4   | Found a staircase to the Slime Pits.
 14301 | Lair:5   | Entered Level 5 of the Lair of Beasts
 14864 | Lair:5   | Reached skill level 18 in Air Magic
 15708 | Lair:5   | Reached XP level 14. HP: 84/84 MP: 11/32
 17059 | Lair:5   | Offered knowledge of Conjure Ball Lightning by Vehumet.
 17067 | Lair:5   | Learned a level 6 spell: Conjure Ball Lightning
 17567 | Lair:5   | Paralysed by a hornet for 3 turns
 18958 | Lair:5   | Reached skill level 19 in Air Magic
 19431 | D:10     | Entered Level 10 of the Dungeon
 19640 | D:9      | Found a shimmering blue altar of Sif Muna.
 19889 | D:10     | Found a staircase to the Orcish Mines.
 20190 | Orc:1    | Entered Level 1 of the Orcish Mines
 20541 | Orc:2    | Entered Level 2 of the Orcish Mines
 21029 | Orc:2    | Noticed Sonja
 21032 | Orc:2    | Killed Sonja
 21076 | Orc:2    | Offered knowledge of Arcjolt by Vehumet.
 21083 | Orc:2    | Learned a level 5 spell: Arcjolt
 21382 | Orc:2    | Noticed Snorg
 21416 | Orc:1    | Killed Snorg
 21566 | Orc:2    | Reached skill level 10 in Fighting
 21664 | Orc:2    | Found a staircase to the Elven Halls.
 21740 | Orc:2    | Noticed an orc warlord
 21740 | Orc:2    | Noticed Nessos
 22148 | Orc:1    | Killed an orc warlord
 22309 | Orc:1    | Found a burning altar of Makhleb.
 22388 | Orc:2    | Killed Nessos
 23054 | Orc:2    | Reached XP level 15. HP: 92/92 MP: 23/34
 23902 | Orc:2    | Reached skill level 5 in Stealth
 24209 | Orc:2    | Found Rounogig's Jewellery Shop.
 24212 | Orc:2    | Found Wiuhabu's Book Shop.
 24213 | Orc:2    | Found Epafai's Antique Armour Shop.
 24213 | Orc:2    | Found Inoggass's Magic Scroll Boutique.
 24219 | Orc:2    | Bought a scroll of teleportation for 42 gold pieces
 24221 | Orc:2    | Bought a book of Spectacle for 624 gold pieces
 24230 | Orc:2    | Learned a level 8 spell: Maxwell's Capacitive Coupling
 24268 | Orc:2    | Found a bloodstained altar of Trog.
 25219 | D:10     | Found an iron altar of Okawaru.
 25785 | D:11     | Found Zec Cetomn's Jewellery Shoppe.
 26070 | D:12     | Offered knowledge of Yara's Violent Unravelling by Vehumet.
 27004 | D:13     | Noticed Jorgrun
 27133 | D:12     | Reached skill level 20 in Air Magic
 27730 | Snake:1  | Entered Level 1 of the Snake Pit
 28354 | Snake:1  | Found Danulok's Assorted Antiques.
 28678 | Snake:2  | Noticed Donald
 28689 | Snake:2  | Shot with an arrow by a naga sharpshooter

Illustrated notes

Levels and vault maps discovered:
D:1:      lemuel_arrival_hallway, layout_basic,
          hellmonk_ecumenical_altar_slurped_away
D:2:      layout_basic, uniq_terence, uniq_sigmund, uniq_crazy_yiuf_cottage
D:3:      layout_loops_ring, general_overflow_altar, nicolae_underground_beach
D:4:      layout_loops_ring, serial_forest, infiniplex_forest_clump_large,
          infiniplex_forest_clump_C, infiniplex_forest_clump_curved,
          infiniplex_forest_lined_ring, infiniplex_forest_lined_ring,
          serial_bayou_pond_e
D:5:      kennysheep_steamy, layout_rooms, nicolae_ossuary_entry_giza,
          minmay_hollow_rounded_squares, uniq_pikel
D:6:      layout_loops_ring, kennysheep_little_box,
          mainiacjoe_overflow_small_starburst, ebering_ghost_xom,
          ebering_dispersal_statue_hall, nrook_pool_corridor,
          serial_bayou_pond_a, uniq_edmund, uniq_jeremiah, uniq_maggie,
          uniq_menkaure, uniq_blork_the_orc
D:7:      layout_rooms, lemuel_crystal_altar, mainiacjoe_overflow_alcove_1,
          minmay_temple_entry_arrows, uniq_maurice
D:8:      layout_loops_corners, nicolae_wu_jian_immortal_techniques,
          hellmonk_lair_entry_icy, special_room [special_room_orc], minivault_1,
          minmay_manual_mares, uniq_joseph, uniq_erica
D:9:      layout_basic, lemuel_blue_sif_altar, minmay_misc_feat_nine_boxes
D:10:     layout_stronghold, lemuel_round_altar, orc_0_dummy
D:11:     layout_gridville, serial_shops, nicolae_shop_gaudy_bauble
D:12:     layout_gridville
D:13:     layout_loops_ring, minmay_misc_feat_five, kennysheep_path_1,
          nicolae_fountain_basement, uniq_frances, uniq_jorgrun
Lair:1:   layout_chaotic_city, portal_ice_cave_demonic_guard, fungi_pond_lemuel,
          grunt_megastairs_4, lemuel_fruit_fields
Lair:2:   layout_roguey, special_room [special_room_bee], uniq_amaemon,
          uniq_gastronok
Lair:3:   layout_roguey, swamp_mist, dummy_snake_entry, gauntlet_entry_generic,
          gammafunk_ghost_icy, uniq_josephine
Lair:4:   layout_misc_corridors, slime_entry_1, grunt_megastairs_2
Lair:5:   minmay_lair_end_enchanted_forest, layout_long_grid
Snake:1:  layout_layer_cave, serial_shops, nicolae_shop_real_fake_doors, shop
Snake:2:  layout_onion_interference, uniq_donald
Orc:1:    layout_caves, basic_altar, nicolae_orc_minecarts
Orc:2:    st_orc_pillars, layout_caves, basic_altar, uniq_nessos, uniq_snorg,
          uniq_sonja

Skill      XL: |  1  2  3  4  5  6  7  8  9 10 11 12 13 14 15 |
---------------+----------------------------------------------+-----
Dodging        | 3 4 6 7 9 11 12 | 12.0
Air Magic      | 6 8 9 12 14 15 17 18 19 20 | 20.0
Spellcasting   | 3 4 5 6 8 10 11 12 13 14 | 14.7
Shields        | 1 |  1.0
Fighting       | 4 6 8 10 11 | 11.4
Stealth        | 4 7 |  7.0
Conjurations   | 4 |  4.3

Action                     |  1- 3 |  4- 6 |  7- 9 | 10-12 | 13-15 || total
---------------------------+-------+-------+-------+-------+-------++-------
  Melee: Hand axe          |    45 |       |       |       |       ||    45
         Kick              |    11 |    16 |    46 |    80 |   162 ||   315
         Peck              |     3 |    17 |    32 |    44 |   102 ||   198
         Short sword       |     3 |    80 |    96 |       |       ||   179
         Punch             |       |     1 |     3 |       |       ||     4
         Whip              |       |       |    55 |   150 |       ||   205
         War axe           |       |       |       |     6 |       ||     6
         Rapier            |       |       |       |    89 |   360 ||   449
         Flail             |       |       |       |     2 |       ||     2
   Cast: Shock             |    19 |    47 |   104 |    94 |    17 ||   281
         Mercury Vapours   |     6 |     5 |     2 |       |       ||    13
         Airstrike         |       |     2 |    38 |   203 |   550 ||   793
         Mephitic Cloud    |       |       |     5 |    48 |    57 ||   110
         Static Discharge  |       |       |       |     1 |     5 ||     6
         Swiftness         |       |       |       |     1 |     3 ||     4
         Arcjolt           |       |       |       |       |    21 ||    21
         Conjure Ball Ligh |       |       |       |       |    10 ||    10
         Maxwell's Capacit |       |       |       |       |    17 ||    17
  Evoke: Wand              |       |       |       |     9 |     9 ||    18
         Phial of floods   |       |       |       |       |     1 ||     1
    Use: Scroll            |     1 |     5 |    11 |    11 |     9 ||    37
         Potion            |       |       |       |     3 |     7 ||    10
   Stab: Sleeping          |     1 |     4 |     3 |     1 |     3 ||    12
         Confused          |       |       |     1 |    18 |    15 ||    34
         Distracted        |       |       |       |     1 |       ||     1
         Invisible         |       |       |       |       |     4 ||     4
 Armour: Robe              |    22 |    14 |    73 |   120 |   201 ||   430
         Leather armour    |     7 |    15 |       |       |       ||    22
         Skin              |       |       |       |     9 |       ||     9
  Dodge: Dodged            |    41 |    66 |   163 |   314 |   659 ||  1243
  Block: Buckler           |       |       |     2 |    97 |   351 ||   450
         Reflection        |       |       |       |       |    13 ||    13
